 Dungeon Crawl Stone Soup version 0.26-a0-30-g56b8cd3df0 (webtiles) character file.

Game seed: 9926947889541341028, levelgen mode: deterministic

95 vurker the Insei (level 4, -3/36 HPs)
             Began as a Draconian Transmuter on June 3, 2020.
             Slain by an orc
             ... wielding a +5 hand axe
              (11 damage)
             ... on level 3 of the Dungeon.
             The game lasted 00:04:19 (2649 turns).

vurker the Insei (Draconian Transmuter)             Turns: 2649, Time: 00:04:19

Health: -3/36      AC:  6    Str: 18    XL:     4   Next: 39%
Magic:  3/7        EV: 12    Int: 14    God:
Gold:   173        SH:  0    Dex: 12    Spells: 5/8 levels left

rFire    . . .     SeeInvis .     - Unarmed
rCold    . . .     Gourm    .   (no shield)
rNeg     . . .     Faith    .   (armour unavailable)
rPois    .         Spirit   .   (helmet restricted)
rElec    .         Reflect  .   (no cloak)
rCorr    .         Harm     .   m - +0 pair of gloves
MR       .....                  (no boots)
Stlth    +.........             (no amulet)
HPRegen  0.12/turn              n - ring of flight
MPRegen  0.10/turn              o - +6 ring of strength

@: no status effects
A: unfitting armour, cold-blooded, AC +5
a: Evoke Flight


You were on level 3 of the Dungeon.
You were very hungry.

You visited 1 branch of the dungeon, and saw 3 of its levels.

You collected 173 gold pieces.

Inventory:

Missiles
 a - 17 arrows
Armour
 m - a +0 pair of gloves (worn)
   (You found it on level 2 of the Dungeon)
Jewellery
 n - a ring of flight (left hand)
   (You found it on level 2 of the Dungeon)
 o - a +6 ring of strength (right hand)
   (You found it on level 2 of the Dungeon)
Scrolls
 g - a scroll of identify {unknown}
 i - a scroll of remove curse {unknown}
 j - 2 scrolls of blinking {unknown}
 p - a scroll of immolation {unknown}
 q - a scroll of amnesia {unknown}
 s - a scroll of teleportation {unknown}
Potions
 b - a potion of cancellation {unknown}
 c - a potion of berserk rage {unknown}
 d - a potion of brilliance {unknown}
 f - 2 potions of lignification {unknown}
 h - 2 potions of curing {unknown}
 l - a potion of magic {unknown}
 r - a potion of stabbing {unknown}
Comestibles
 e - 6 rations


   Skills:
 + Level 2.1 Fighting
 - Level 1.7 Dodging
 * Level 3.8 Unarmed Combat
 + Level 2.5 Spellcasting
 * Level 3.1 Transmutations


You had 5 spell levels left.
You knew the following spells:

 Your Spells              Type           Power        Failure   Level  Hunger
a - Beastly Appendage     Tmut           ##....       6%          1    #......
b - Sticks to Snakes      Tmut           ##......     10%         2    ###....

Your spell library contained the following spells:

 Spells                   Type           Power        Failure   Level  Hunger
 Spider Form              Tmut/Pois      #.........   34%         3    ###....
 Ice Form                 Ice/Tmut       #.......     75%         4    #####..
 Blade Hands              Tmut           ##........   86%         5    ######.


Dungeon Overview and Level Annotations

Branches:
Dungeon (3/15)

Altars:
Xom


Innate Abilities, Weirdness & Mutations

Your plain brown scales are hard. (AC +5)
You cannot fit into any form of body armour.
You are cold-blooded and may be slowed by cold attacks.


Message History

Beogh smites you! What are your orders? t - Shout!
Orders for allies: a - Attack new target. r - Retreat! s - Stop attacking. g - Guard the area. f - Follow me.
Anything else - Cancel.
Gang up on whom?
Aim: an orc priest, wielding a +0 short sword Attack!
The orc priest drinks a potion.
The orc priest flickers and vanishes!
Deactivating autopickup; reactivate with Ctrl-A.
You climb upwards.
Your summoned ally is left behind.
Reactivating autopickup.
There is a stone staircase leading down here.
You start resting.
You start resting.
You are feeling very hungry.
You start resting.
You climb downwards.
There is a stone staircase leading up here.
Casting: Sticks to Snakes (safe; 10% risk of failure)
You create a snake!
You now have 18 arrows.
The orc barely misses you.
You hit the orc. You tail-slap the orc. The orc barely misses you.
The orc completely misses your ball python.
The orc priest looks braver for a moment.
Your ball python barely misses the orc.
Your ball python grabs the orc.
Your ball python constricts the orc.
Casting: Sticks to Snakes (safe; 10% risk of failure)
You create a snake!
You now have 17 arrows.
The orc hits you with a +5 hand axe.
The orc hits your ball python with a +5 hand axe!
Your ball python dies!
The orc priest calls down the wrath of Beogh upon you.
Beogh smites you!
You barely miss the orc priest. You tail-slap the orc priest.
The orc priest hits you with a +0 short sword!
* * * LOW HITPOINT WARNING * * *
The orc hits you with a +5 hand axe.
* * * LOW HITPOINT WARNING * * *
You closely miss the orc priest. You tail-slap the orc priest.
The orc priest closely misses you. The orc hits you with a +5 hand axe.
* * * LOW HITPOINT WARNING * * *
Your adder bites the orc priest.
Unknown command.
Unknown command.
You closely miss the orc priest.
Your adder bites the orc priest.
The orc priest begins to cast a cantrip, but forgets the words!
The orc hits you with a +5 hand axe!
You die...

#####
##...#########
##.<@........<#
..##..ooS..#####.#
#..........#####.#
..!##..........##.#
.. ##.....(##.##.#
$ ##...#.#...#.#
#####..###..#
######.## ##.##
#......# #..#


You could see an orc priest, an orc and a friendly adder.

Vanquished Creatures
  2 gnolls (D:2)
  A dart slug (D:2)
  A leopard gecko (D:1)
  5 bats
  A giant cockroach (D:2)
  4 goblins (D:1)
  5 hobgoblins
  7 jackals (D:2)
  6 kobolds
  3 frilled lizards
  A rat (D:1)
36 creatures vanquished.

Vanquished Creatures (collateral kills)
  A hound skeleton (D:2)
  2 adders (D:2)
  A gnoll (D:2)
4 creatures vanquished.

Grand Total: 40 creatures vanquished

Notes
Turn   | Place    | Note
-------+----------+-------------------------------------------
     0 | D:1      | vurker the Draconian Transmuter began the quest for the
                  | Orb.
     0 | D:1      | Reached XP level 1. HP: 16/16 MP: 3/3
   232 | D:1      | Reached XP level 2. HP: 23/23 MP: 5/5
   906 | D:1      | Learned a level 2 spell: Sticks to Snakes
  1142 | D:2      | Reached XP level 3. HP: 29/29 MP: 0/6
  1491 | D:2      | Reached XP level 4. HP: 35/36 MP: 5/7
  1574 | D:2      | Found a shimmering altar of Xom.
  1574 | D:2      | Found a shimmering altar of Xom.
  1604 | D:2      | Found a shimmering altar of Xom.
  1606 | D:2      | Found a shimmering altar of Xom.
  1606 | D:2      | Found a shimmering altar of Xom.
  1672 | D:2      | Found a faded altar of an unknown god.
  2649 | D:3      | Slain by an orc

Illustrated notes

Levels and vault maps discovered:
D:1:      shiori_angband_town, layout_basic, st_stairs_3, kennysheep_doodads
D:2:      layout_loops_cross, chequers_ecumenical_altar_simple, xom_redecorated
D:3:      layout_loops_cross, lemuel_crystal_altar

Skill      XL: |  1  2  3  4 |
---------------+-------------+-----
Transmutations | 3 |  3.1
Fighting       | 2 |  2.1
Dodging        | |  1.7
Unarmed Combat | |  3.8
Spellcasting   | |  2.5

Action                   |  1- 3 |  4- 6 || total
-------------------------+-------+-------++-------
Melee: Unarmed           |   118 |    36 ||   154
       Tailslap          |    16 |     5 ||    21
       Punch             |     3 |       ||     3
       Headbutt          |     1 |       ||     1
       Kick              |     3 |     4 ||     7
 Cast: Beastly Appendage |     4 |     3 ||     7
       Sticks to Snakes  |     5 |     4 ||     9
  Eat: Chunk             |     2 |     3 ||     5
Armor: Skin              |    35 |     8 ||    43
Dodge: Dodged            |    86 |    22 ||   108

Table legend:
 A = Non-vault XP
 B = Vault XP
 C = Vault XP percentage of total XP
 D = Non-vault monster count
 E = Vault monster count
 F = Vault count percentage of total count
                 A         B        C        D         E       F
            +---------+---------+-------+---------+---------+-------
      Total |     132 |       4 |   2.9 |      38 |       2 |   5.0
            +---------+---------+-------+---------+---------+-------
        D:1 |      22 |       4 |  15.4 |      13 |       2 |  13.3
        D:2 |     110 |       0 |   0.0 |      25 |       0 |   0.0
            +---------+---------+-------+---------+---------+-------
